 Dungeon Crawl Stone Soup version 0.23.2-11-gf996548c65 (webtiles) character file.

Game seed: 8132192884057045050

31105 VincentAMV the Blocker (level 13, -2/119 HPs)
             Began as a Hill Orc Fighter on June 5, 2019.
             Was the Champion of the Shining One.
             Killed from afar by a frost giant (5 damage)
             ... with a bolt of cold
             ... in an ice cave.
             The game lasted 01:01:08 (17330 turns).

VincentAMV the Blocker (Hill Orc Fighter)          Turns: 17330, Time: 01:01:09

Health: -2/119     AC: 17    Str: 24    XL:     13   Next: 56%
Magic:  16/18      EV:  7    Int:  8    God:    the Shining One [******]
Gold:   735        SH: 22    Dex: 10    Spells: 12/12 levels left

rFire    + . .     SeeInvis .   D - +2 whip (elec)
rCold    + + +     Gourm    .   c - +0 shield
rNeg     + + +     Faith    .   A - +0 plate armour {rF+}
rPois    .         Spirit   .   F - +0 helmet
rElec    .         Reflect  .   L - scarf {rC+ rF+}
rCorr    .         Harm     .   O - +0 pair of gloves
MR       +....                  u - +0 pair of boots
Stlth    ..........             (no amulet)
HPRegen  0.29/turn              s - ring of ice
MPRegen  0.16/turn              R - ring of protection from cold

@: divine shield, very slightly contaminated, glowing, studying Polearms
A: cold resistance 1, high mp 1, magic resistance 1
a: Divine Shield, Cleansing Flame, Summon Divine Warrior, Brand Weapon With Holy
Wrath, Renounce Religion


You were in an ice cave.
You worshipped the Shining One.
The Shining One was exalted by your worship.
You were hungry.

You visited 2 branches of the dungeon, and saw 15 of its levels.
You also visited: Sewer, Ossuary and Ice Cave.

You collected 803 gold pieces.
You spent 68 gold pieces at shops.

Inventory:

Hand Weapons
 a - a cursed +2 war axe of freezing
 x - a +2 antimagic whip
 D - a +2 whip of electrocution (weapon)
Missiles
 Q - 17 tomahawks (quivered)
Armour
 b - a scarf of repulsion
 c - a +0 shield (worn)
 d - a +0 large shield
 u - a +0 pair of boots (worn)
 A - a +0 plate armour of fire resistance (worn)
 F - a +0 helmet (worn)
 L - a scarf of resistance (worn)
 O - a +0 pair of gloves (worn)
Jewellery
 e - a +3 ring of protection
 m - an uncursed amulet of the acrobat {unknown}
 s - a ring of ice (left hand)
 R - a ring of protection from cold (right hand)
Wands
 l - a wand of disintegration (10)
 p - a wand of digging (5)
 M - a wand of scattershot (4)
 N - a wand of polymorph (29)
Scrolls
 g - 3 scrolls of blinking
 n - a scroll of identify
 o - 5 scrolls of teleportation
 q - 4 scrolls of remove curse
 y - 2 scrolls of fear
 G - 2 scrolls of fog
 I - a scroll of silence
 J - a scroll of magic mapping
Potions
 h - 4 potions of agility
 j - 9 potions of flight
 k - 3 potions of curing
 z - 4 potions of resistance
 C - 2 potions of lignification
Books
 t - a manual of Polearms
Comestibles
 f - 24 rations
 i - 20 chunks of flesh


   Skills:
 + Level 12.7 Fighting
 + Level 9.7(12.9) Axes
 + Level 11.9(12.8) Maces & Flails
 + Level 7.4 Armour
 * Level 14.8 Shields
 - Level 5.0 Invocations


You had 12 spell levels left.
You didn't know any spells.
Your spell library contained the following spells:

 Spells                   Type           Power        Failure   Level  Hunger
 Confusing Touch          Hex            #.....       99%         1    ##.....
 Flame Tongue             Conj/Fire      #....        99%         1    ##.....
 Throw Flame              Conj/Fire      #.....       100%        2    ###....
 Confuse                  Hex            #.......     100%        3    ####...
 Conjure Flame            Conj/Fire      #.......     100%        3    ####...
 Gell's Gravitas          Tloc           #.........   100%        3    ####...
 Inner Flame              Hex/Fire       #.......     100%        3    ####...
 Cause Fear               Hex            #.........   100%        4    #####..
 Petrify                  Tmut/Erth      #.......     100%        4    #####..
 Sticky Flame             Conj/Fire      #.......     100%        4    #####..
 Fireball                 Conj/Fire      #.........   100%        5    ######.
 Metabolic Englaciation   Hex/Ice        #.........   100%        5    ######.
 Silence                  Hex/Air        #.........   100%        5    ######.
 Yara's Violent Unravell  Hex/Tmut       #.........   100%        5    ######.
 Deflect Missiles         Chrm/Air       #.........   100%        6    #######
 Discord                  Hex            #.........   100%        8    #######


Dungeon Overview and Level Annotations

Branches:
Dungeon (15/15)            Temple (1/1) D:5            Lair (0/6) D:11
    Orc (0/2) D:9          Depths (0/5) D:15
 Vaults: D:13-14

Altars:
Ashenzari
Cheibriados
Dithmenos
Elyvilon
Fedhas
Gozag
Hepliaklqana
Kikubaaqudgha
Makhleb
Nemelex Xobeh
Okawaru
Qazlal
Ru
Sif Muna
Trog
Uskayaw
Vehumet
Wu Jian
Xom
Yredelemnul
Zin
The Shining One

Shops:
D:4 (   D:6 }   D:8 =   D:9 (   D:10 *

Portals:
Trove: D:11 (give 14 scrolls of teleportation)

Annotations:
D:12 Sonja
D:13 3 runed translucent doors, exclusion: 3 doors, flay's ghost, journeyman OpEn


Innate Abilities, Weirdness & Mutations

Your flesh is cold resistant. (rC+)
You have an increased reservoir of magic. (+10% MP)
You are resistant to hostile enchantments. (MR+)


Message History

Blink to where?
Press: ? - help, Dir - move target cursor You are very lightly contaminated with residual magic.
As you read the scroll of blinking, it crumbles to dust.
You fail to use your ability.
You fail to use your ability.
You hit the frost giant but do no damage.
The frost giant is severely wounded.
You block the frost giant's attack.
You hit the frost giant but do no damage.
Lightning courses through the frost giant!
The frost giant is severely wounded.
You hit the frost giant but do no damage.
Lightning courses through the frost giant!
The frost giant is almost dead.
The frost giant hits you with a +3 battleaxe of freezing!!
* * * LOW HITPOINT WARNING * * *
The frost giant casts a spell at you. The bolt of cold hits you. You resist.
You die...

### #: ##(# .$
#..##### .###
###..@.### Y..##
###....#.C.## h.h.#
##.....####Y.###..Y#
###.....#####..##CYY#
##....#####.#.###..###
##....## #.⌠...###C.#
##...### ##...#C#.###
#..######### ######.##
##.÷÷##....### ###


You could see a frost giant and a death yak.

Vanquished Creatures
  Kirke (D:13)
  2 hydras
  A death yak (IceCv)
  A two-headed ogre (D:9)
  A tengu warrior (D:9)
  4 skeletal warriors (D:15)
  4 ugly things
  2 cyclopes
  A gargoyle (D:13)
  An ice statue (IceCv)
  3 rime drakes
  A tengu conjurer (D:13)
  A queen bee (D:9)
  5 trolls
  Grinder (D:3)
  12 polar bears (IceCv)
  3 slime creatures (D:13)
  A blink frog (shapeshifter) (D:15)
  2 hippogriffs
  2 shadows
  A water elemental (D:13)
  2 vampires
  30 yaks
  3 wyverns
  A wraith (D:13)
  3 hogs (D:13)
  A hungry ghost (D:7)
  2 basilisks (D:11)
  4 vampire mosquitoes (D:12)
  A soldier ant (D:12)
  3 porcupines (D:11)
  6 orc warriors
  A hornet zombie (D:11)
  A black bear (shapeshifter) (D:9)
  An eye of draining (D:11)
  2 phantoms
  7 ice beasts
  A necrophage (D:7)
  3 ogres
  13 wolves (IceCv)
  2 crocodiles (D:11)
  8 centaurs
  3 big kobolds
  3 bullfrogs
  A wyvern zombie (D:7)
  4 water moccasin zombies (Ossuary)
  4 scorpions
  30 killer bees
  11 wights
  A jelly (D:13)
  6 crimson imps
  4 bullfrog zombies
  A hound (D:13)
  4 orc priests
  5 orc wizards
  A bullfrog skeleton (D:11)
  Jessica (D:2)
  3 iguanas
  Terence (D:2)
  7 worker ants
  2 big kobold zombies (Ossuary)
  2 mummies (Ossuary)
  A howler monkey zombie (D:11)
  7 gnolls
  17 adders
  A river rat (Sewer)
  2 shadow imps (D:9)
  2 oozes
  7 adder zombies (Ossuary)
  3 worms
  3 dart slugs (D:1)
  3 leopard geckos
  25 orcs
  14 bats
  3 giant cockroaches
  6 gnoll zombies (Ossuary)
  10 goblins
  8 hobgoblins
  7 jackals
  10 kobolds
  2 quokkas
  6 ball pythons
  3 frilled lizards
  3 hobgoblin zombies (Ossuary)
  A jackal zombie (D:4)
  6 kobold zombies (Ossuary)
  An orc zombie (Ossuary)
  19 rats
409 creatures vanquished.

Vanquished Creatures (others)
  A plant (D:11)
1 creature vanquished.

Grand Total: 410 creatures vanquished

Notes
Turn   | Place    | Note
-------+----------+-------------------------------------------
     0 | D:1      | VincentAMV the Hill Orc Fighter began the quest for the
                  | Orb.
     0 | D:1      | Reached XP level 1. HP: 19/19 MP: 1/1
    97 | D:1      | Reached XP level 2. HP: 23/27 MP: 2/2
   364 | D:1      | Reached XP level 3. HP: 33/33 MP: 3/3
  1014 | D:2      | Reached XP level 4. HP: 40/40 MP: 4/4
  1168 | D:2      | Noticed Jessica
  1175 | D:2      | Killed Jessica
  1175 | D:2      | Reached skill level 4 in Shields
  1378 | D:2      | Reached XP level 5. HP: 19/46 MP: 5/5
  1789 | D:2      | Reached skill level 5 in Axes
  1856 | D:2      | Noticed Terence
  1862 | D:2      | Killed Terence
  2566 | D:2      | Found a sparkling altar of Nemelex Xobeh.
  2853 | D:3      | Noticed Grinder
  2866 | D:3      | Killed Grinder
  2866 | D:3      | Reached skill level 5 in Fighting
  2866 | D:3      | Reached XP level 6. HP: 30/56 MP: 6/6
  3102 | D:3      | Found a sacrificial altar of Ru.
  3192 | D:3      | Reached XP level 7. HP: 58/61 MP: 7/7
  3815 | D:4      | Found a glowing drain.
  3836 | Sewer    | Entered a sewer
  3943 | Sewer    | Reached skill level 1 in Maces & Flails
  3943 | Sewer    | Reached skill level 5 in Armour
  3943 | Sewer    | Reached skill level 5 in Shields
  3983 | Sewer    | Found a glowing silver altar of Zin.
  4111 | D:4      | Found Gamihoamm's Weapon Emporium.
  4207 | D:5      | Entered Level 5 of the Dungeon
  4522 | D:5      | Found a staircase to the Ecumenical Temple.
  4541 | Temple   | Entered the Ecumenical Temple
  4847 | Temple   | Became a worshipper of Elyvilon the Healer
  4996 | D:4      | Found a glowing golden altar of the Shining One.
  4999 | D:4      | Fell from the grace of Elyvilon
  4999 | D:4      | Became a worshipper of the Shining One
  5634 | D:4      | Reached XP level 8. HP: 49/70 MP: 8/8
  6360 | D:6      | Reached skill level 6 in Shields
  6822 | D:6      | Found an ornate altar of the Wu Jian Council.
  7278 | D:6      | Found Inyeream's Gadget Boutique.
  7732 | D:7      | Reached XP level 9. HP: 76/78 MP: 9/9
  8388 | D:8      | Reached skill level 7 in Shields
  8452 | D:8      | Found a sand-covered staircase.
  8459 | Ossuary  | Entered an ossuary
  8483 | Ossuary  | Reached * piety under the Shining One
  8607 | Ossuary  | Reached ** piety under the Shining One
  8627 | Ossuary  | Reached skill level 5 in Maces & Flails
  8668 | Ossuary  | Reached *** piety under the Shining One
  8861 | D:8      | Found Yluff's Jewellery Emporium.
  9008 | D:8      | Found a radiant altar of Vehumet.
  9073 | D:8      | Found a radiant altar of Vehumet.
  9239 | D:9      | Found Hioxet's Weapon Shoppe.
  9376 | D:9      | Noticed a tengu warrior
  9408 | D:9      | Killed a tengu warrior
  9408 | D:9      | Reached XP level 10. HP: 52/88 MP: 10/10
 10003 | D:9      | Noticed a two-headed ogre
 10006 | D:9      | Found a staircase to the Orcish Mines.
 10029 | D:9      | Killed a two-headed ogre
 10029 | D:9      | Reached skill level 8 in Shields
 10270 | D:9      | Reached **** piety under the Shining One
 10515 | D:9      | Found a deep blue altar of Sif Muna.
 10531 | D:9      | Found a glowing silver altar of Zin.
 10532 | D:9      | Found a shattered altar of Ashenzari.
 10535 | D:9      | Found an opulent altar of Gozag.
 10535 | D:9      | Found a shadowy altar of Dithmenos.
 10915 | D:9      | Reached skill level 10 in Maces & Flails
 10936 | D:10     | Entered Level 10 of the Dungeon
 11214 | D:9      | Reached skill level 9 in Shields
 11350 | D:10     | Reached XP level 11. HP: 83/97 MP: 11/11
 11534 | D:10     | Found Huischok's Assorted Antiques.
 11544 | D:10     | Bought a scroll of identify for 68 gold pieces
 11613 | D:10     | Found a shimmering altar of Xom.
 11990 | D:11     | Reached skill level 10 in Shields
 12100 | D:11     | Found a staircase to the Lair.
 12236 | D:11     | Noticed a white ugly thing
 12242 | D:11     | Killed a white ugly thing
 12242 | D:11     | Reached skill level 10 in Fighting
 12539 | D:11     | Found a portal to a secret trove of treasure.
 12653 | D:11     | Noticed a cyclops
 12679 | D:11     | Killed a cyclops
 12926 | D:11     | Reached skill level 11 in Shields
 12983 | D:12     | Noticed a seven-headed hydra
 13008 | D:12     | Killed a seven-headed hydra
 13190 | D:12     | Noticed Sonja
 13949 | D:12     | Reached ***** piety under the Shining One
 13990 | D:12     | Reached XP level 12. HP: 96/110 MP: 12/12
 14204 | D:13     | Reached skill level 12 in Shields
 14211 | D:13     | Reached skill level 1 in Invocations
 14622 | D:13     | Found a runed translucent gate.
 14622 | D:13     | Found a runed translucent gate.
 14622 | D:13     | Found a runed translucent gate.
 14622 | D:13     | Noticed flay's ghost (journeyman OpEn)
 15301 | D:13     | Noticed a seven-headed hydra
 15309 | D:13     | Killed a seven-headed hydra
 15331 | D:13     | Noticed Kirke
 15334 | D:13     | Reached skill level 13 in Shields
 15364 | D:13     | Killed Kirke
 15618 | D:13     | You fall through a shaft for 2 floors!
 15618 | D:15     | Entered Level 15 of the Dungeon
 15684 | D:15     | HP: 2/168 [blink frog (shapeshifter) (7)]
 15696 | D:15     | Gained mutation: You are resistant to hostile enchantments.
                  | (MR+) [potion of mutation]
 15696 | D:15     | Gained mutation: You have an increased reservoir of magic.
                  | (+10% MP) [potion of mutation]
 15696 | D:15     | Gained mutation: Your flesh is cold resistant. (rC+)
                  | [potion of mutation]
 15734 | D:15     | Reached XP level 13. HP: 35/118 MP: 16/18
 15746 | D:15     | Found a frozen archway.
 15771 | D:15     | Reached skill level 5 in Invocations
 16082 | IceCv    | Entered an ice cave
 16118 | IceCv    | Reached skill level 14 in Shields
 16520 | IceCv    | Reached ****** piety under the Shining One
 17288 | IceCv    | Noticed a frost giant
 17326 | IceCv    | HP: 1/119 [frost giant/+3 battleaxe of freezing (18)]
 17330 | IceCv    | Killed from afar by a frost giant

Skill      XL: |  1  2  3  4  5  6  7  8  9 10 11 12 13 |
---------------+----------------------------------------+-----
Axes           | 3 4 6 7 9 |  9.7
Fighting       | 4 5 6 8 9 11 12 | 12.7
Shields        | 4 5 6 7 9 11 13 14 | 14.8
Armour         | 4 5 6 7 |  7.4
Maces & Flails | 1 3 8 10 11 | 11.9
Invocations    | 4 5 |  5.0

Action                   |  1- 3 |  4- 6 |  7- 9 | 10-12 | 13-15 || total
-------------------------+-------+-------+-------+-------+-------++-------
Melee: War axe           |   142 |   213 |   160 |       |       ||   515
       Whip              |       |       |   349 |   823 |   374 ||  1546
Invok: Divine Shield     |       |       |       |     1 |     1 ||     2
Evoke: Wand              |       |       |       |     1 |       ||     1
  Use: Potion            |       |     2 |     5 |    23 |       ||    30
       Scroll            |       |       |    15 |    11 |     1 ||    27
  Eat: Chunk             |     1 |     7 |     9 |    12 |     6 ||    35
       Ration            |       |       |     4 |     2 |       ||     6
Armor: Scale mail        |    64 |   123 |   106 |       |       ||   293
       Chain mail        |       |       |    30 |       |       ||    30
       Plate armour      |       |       |    83 |   327 |   115 ||   525
       Skin              |       |       |       |    19 |       ||    19
Dodge: Dodged            |    46 |    71 |   103 |   106 |    55 ||   381
Block: Shield            |    88 |   120 |   231 |   435 |   157 ||  1031
